 Dungeon Crawl Stone Soup version 0.22.1-1-ga44c0e5 (webtiles) character file.

17 Starchild the Vexing (level 2, -2/21 HPs)
             Began as a Formicid Arcane Marksman on Oct 7, 2018.
             Slain by an iguana (4 damage)
             ... on level 2 of the Dungeon.
             The game lasted 00:04:11 (510 turns).

Starchild the Vexing (Formicid Arcane Marksman)      Turns: 510, Time: 00:04:12

Health: -2/21      AC:  2    Str: 14    XL:     2   Next: 80%
Magic:  3/3        EV: 12    Int: 12    God:
Gold:   122        SH:  0    Dex: 11    Spells: 0/3 levels left

rFire    . . .     SeeInvis +   b - +2 dagger (venom)
rCold    . . .     Gourm    .   (no shield)
rNeg     . . .     Faith    .   e - +0 robe
rPois    .         Spirit   .   (helmet unavailable)
rElec    .         Reflect  .   (no cloak)
rCorr    .         Harm     .   (no gloves)
MR       .....                  (no boots)
Stlth    +.........             (no amulet)
HPRegen  0.07/turn              (no ring)
MPRegen  0.08/turn              (no ring)

@: no status effects
A: permanent stasis, dig shafts and tunnels, four strong arms, antennae 3
a: Dig, Shaft Self


You were on level 2 of the Dungeon.
You were not hungry.

You visited 1 branch of the dungeon, and saw 2 of its levels.

You collected 122 gold pieces.

Inventory:

Hand Weapons
 a - a +0 hunting sling
 b - a +2 dagger of venom (weapon)
 m - a +1 hand axe of chopping
Missiles
 d - 20 sling bullets
 j - 37 stones (quivered)
Armour
 e - a +0 robe (worn)
 n - +0 ice dragon scales
Scrolls
 c - 3 scrolls of remove curse {unknown}
 g - 2 scrolls of random uselessness {unknown}
 h - a scroll of noise {unknown}
Potions
 i - a potion of might {unknown}
 k - a potion of curing {unknown}
 l - a potion of haste {unknown}
Comestibles
 f - 2 rations


   Skills:
 - Level 1.1 Fighting
 * Level 2.6 Slings
 - Level 1.7 Dodging
 - Level 1.1 Spellcasting
 + Level 4.3 Hexes


You couldn't memorise any spells.
You knew the following spells:

 Your Spells              Type           Power        Failure   Level  Hunger
a - Corona                Hex            ##.....      4%          1    ##.....
b - Slow                  Hex            ##......     8%          2    ###....

Your spell library contained the following spells:

 Spells                   Type           Power        Failure   Level  Hunger
 Inner Flame              Hex/Fire       #.......     36%         3    ####...
 Portal Projectile        Hex/Tloc       #.....       36%         3    ####...
 Cause Fear               Hex            ##........   45%         4    #####..
 Leda's Liquefaction      Hex/Erth       #.........   77%         4    #####..


Dungeon Overview and Level Annotations

Branches:
Dungeon (2/15)

Altars:


Innate Abilities, Weirdness & Mutations

You cannot be hasted, slowed, berserked, paralysed or teleported.
You can dig through walls and to a lower floor.
Your four strong arms can wield two-handed weapons with a shield.
You have a pair of large antennae on your head. (SInv)


Message History

There is a stone staircase leading down here.
Done exploring.
You climb downwards.
There is a stone staircase leading up here.
You open the door.
An adder comes into view.
An iguana comes into view.
The adder hisses angrily.
Found 10 gold pieces and pearl dragon scales.
There is an open door here.
The iguana hisses angrily.
The iguana barely misses you.
You hit the iguana but do no damage. The iguana bites you!
Ouch! That really hurt!
You closely miss the iguana. The iguana bites you.
* * * LOW HITPOINT WARNING * * *
You hit the iguana.
The iguana is poisoned.
The iguana is lightly wounded.
The iguana bites you.
You die...

## #.#.# . #.#.#
###.#.#.# #
....#.#.#.#
....>.#.# #.....#
..##### #..<..#
$......##.....##.
......Sl@.........
.......####.#.##.#
....... ...... #
[...... ..#.#..#
....... #.#.#..#
...#### #.# # .#
##. .# #


You could see an iguana and an adder.

Vanquished Creatures
  A giant cockroach (D:1)
  A goblin (D:1)
  2 hobgoblins (D:1)
  3 jackals (D:1)
  2 bats (D:1)
  A frilled lizard (D:1)
  2 kobolds (D:1)
  5 rats (D:1)
17 creatures vanquished.

Notes
Turn   | Place    | Note
-------+----------+-------------------------------------------
     0 | D:1      | Starchild the Formicid Arcane Marksman began the quest for
                  | the Orb.
     0 | D:1      | Reached XP level 1. HP: 15/15 MP: 2/2
    35 | D:1      | Reached skill level 4 in Hexes
    35 | D:1      | Reached XP level 2. HP: 17/21 MP: 3/3
   222 | D:1      | Learned a level 2 spell: Slow
   510 | D:2      | Slain by an iguana

Skill      XL: |  1 |
---------------+----+-----
Hexes          | 4 |  4.3
Fighting       | |  1.1
Slings         | |  2.6
Dodging        | |  1.7
Spellcasting   | |  1.1

Action                   || total
-------------------------++-------
Melee: Dagger            ||    37
Armor: Robe              ||     7
Dodge: Dodged            ||    24
